 Dungeon Crawl Stone Soup version 0.27.0-1-g7a089689b8 (webtiles) character file.

Game seed: 15041501789266695897

91 inmateoo the Covered (level 4, -9/42 HPs)
             Began as a Deep Dwarf Fighter on Aug 13, 2021.
             Blown up by Ijyb (31 damage)
             ... with a mindburst bolt
             ... on level 3 of the Dungeon.
             The game lasted 00:01:30 (1882 turns).

inmateoo the Covered (Deep Dwarf Fighter)           Turns: 1882, Time: 00:01:30

Health: -9/42      AC:  9    Str: 21    XL:     4   Next: 33%
Magic:  4/4        EV:  5    Int:  8    God:
Gold:   154        SH:  9    Dex: 12    Spells: 3/3 levels left

rFire    . . .     SeeInvis .   a - +1 war axe
rCold    . . .     Faith    .   c - +0 kite shield
rNeg     . . .     Spirit   .   g - +0 chain mail
rPois    .         Reflect  .   (no helmet)
rElec    .         Harm     .   (no cloak)
rCorr    .         Rampage  .   (no gloves)
Will     .....                  (no boots)
Stlth    ..........             (no amulet)
HPRegen  0.00/turn              (no ring)
MPRegen  0.09/turn              (no ring)

@: no status effects
A: damage resistance, heal wounds, sense surroundings 1, no regeneration
a: Heal Wounds


You were on level 3 of the Dungeon.
You visited 1 branch of the dungeon, and saw 3 of its levels.

You collected 154 gold pieces.

Inventory:

Hand Weapons
 a - a +1 war axe (weapon)
Armour
 c - a +0 kite shield (worn)
 g - a +0 chain mail (worn)
Scrolls
 b - a scroll of vulnerability {unknown}
 h - 2 scrolls of fog
Potions
 d - 3 potions of might
 e - 3 potions of heal wounds


   Skills:
 + Level 3.2 Fighting
 + Level 3.1 Axes
 + Level 4.0 Armour
 + Level 4.0 Shields
 + Level 0.5 Invocations


You had 3 spell levels left.
You didn't know any spells.
Your spell library was empty.

Dungeon Overview and Level Annotations

Branches:
Dungeon (3/15)

Altars:
Uskayaw

Annotations:
D:3 Ijyb


Innate Abilities, Weirdness & Mutations

You are resistant to damage.
You can heal yourself by infusing magical energy.
You passively map a small area around you.
You do not regenerate.


Message History

The adder is severely wounded.
You block the adder's attack. The adder bites you.
You closely miss the adder.
The adder is severely wounded.
The adder bites you but does no damage. The adder bites you.
You miss the adder.
The adder is severely wounded.
You block the adder's attack. The adder bites you but does no damage.
You miss the adder.
The adder is severely wounded.
You block the adder's attack. The adder bites you.
You closely miss the adder.
The adder is severely wounded.
You block the adder's attack. The adder bites you but does no damage.
You barely miss the adder.
The adder is severely wounded.
The adder bites you but does no damage. You block the adder's attack.
Your shield prevents you from hitting the adder.
The adder is severely wounded.
You block the adder's attack. x2
You closely miss the adder.
The adder is severely wounded.
The adder bites you. x2
You are poisoned.
The adder poisons you!
You slash the adder!
You kill the adder!
No target in view!
You fail to use your ability.
You are no longer poisoned.
You open the door.
There is an open door here.
There is an open door here.
You open the door.
There is an open door here.
Ijyb the Twisted Goblin comes into view.
She is wielding a +0 club and carrying a wand of mindburst (13).
Ijyb shouts!
Ijyb zaps a wand.
Your mind is blasted!
Ouch! That really hurt!
You die...

#..........#......##
#.............##.##
#...###....##.####
###### #######>#* #.
.. * #.. , ##.##.*
*,*#### g.... ,# *
## * *#..####.#.# *
.# #...@.....# ##
##.#.####.# #######
#...# ......#
########.# ##..#.#
#...# #.# *, *
#....# #.#.# #.# * *
, #.######.#.####.#
#.####..........#
#..........###### *


You could see Ijyb.

Vanquished Creatures
  4 adders
  2 worms (D:2)
  2 orcs (D:3)
  2 ball pythons
  4 endoplasms
  A giant cockroach (D:2)
  4 goblins
  6 hobgoblins
  4 jackals (D:2)
  3 kobolds (D:1)
  3 quokkas
  3 bats
  4 frilled lizards
  A rat (D:3)
43 creatures vanquished.

Notes
Turn   | Place    | Note
-------+----------+-------------------------------------------
     0 | D:1      | inmateoo the Deep Dwarf Fighter began the quest for the
                  | Orb.
     0 | D:1      | Reached XP level 1. HP: 20/20 MP: 1/1
   184 | D:1      | Reached XP level 2. HP: 22/27 MP: 2/2
   621 | D:2      | Reached XP level 3. HP: 22/34 MP: 3/3
   805 | D:2      | Found a faded altar of an unknown god.
  1015 | D:2      | Found a hide-covered altar of Uskayaw.
  1451 | D:3      | Reached XP level 4. HP: 39/42 MP: 4/4
  1882 | D:3      | Noticed Ijyb
  1882 | D:3      | Blown up by Ijyb

Illustrated notes

Levels and vault maps discovered:
D:1:      giann_bridges, layout_basic
D:2:      layout_basic, basic_altar, ebering_ecumenical_altar_rust
D:3:      layout_basic, minmay_misc_feat_room, uniq_ijyb

Skill      XL: |  1  2  3  4 |
---------------+-------------+-----
Fighting       | 3 |  3.2
Axes           | 3 |  3.1
Armour         | 4 |  4.0
Shields        | 4 |  4.0
Invocations    | |  0.5

Action                   |  1- 3 |  4- 6 || total
-------------------------+-------+-------++-------
Melee: War axe           |   119 |    41 ||   160
 Abil: Heal Wounds       |     1 |       ||     1
  Use: Scroll            |     6 |       ||     6
Armor: Chain mail        |    87 |    22 ||   109
       Scale mail        |     4 |       ||     4
Dodge: Dodged            |    34 |     5 ||    39
Block: Kite shield       |    79 |    25 ||   104
